 Dungeon Crawl Stone Soup version 0.30-a0-782-ge64f9170bb (webtiles) character file.

Game seed: 15738648151249889766

928 tilp the Slasher (level 8, -1/67 (70) HPs)
             Began as a Meteoran Fighter on Mar 15, 2023.
             Was a Follower of Okawaru.
             Slain by a wight
             ... wielding a +3 falchion
              (3 damage)
             ... on level 7 of the Dungeon.
             The game lasted 00:05:55 (1294 turns).

tilp the Slasher (Meteoran Fighter)                 Turns: 1294, Time: 00:05:55

HP:   -1/67 (70)    AC: 11    Str: 17    XL:     8   Next: 58%
MP:   9/9           EV:  8    Int: 10    God:    Okawaru [*.....]
Gold: 67            SH:  5    Dex: 16    Spells: 7/7 levels left

rFire   . . .      SeeInvis .    a - +0 long sword
rCold   . . .      Faith    .    c - +0 buckler
rNeg    . . .      Spirit   .    q - +1 chain mail
rPois   .          Reflect  .    (no helmet)
rElec   .          Harm     .    h - +0 cloak
rCorr   .          Rampage  .    (no gloves)
Will    +....                    (no boots) Stlth
                                 (no amulet)
HPRegen 0.31/turn                (no ring)
MPRegen 0.11/turn                (no ring)

@: glowing, lightly drained
A: sense surroundings 1, otherworldly, glowing, explore regen
a: Renounce Religion, Heroism


You were on level 7 of the Dungeon.
You worshipped Okawaru.
Okawaru was aware of your devotion.
You visited 2 branches of the dungeon, and saw 8 of its levels.
You also visited: Sewer.

You collected 67 gold pieces.

Inventory:

Hand Weapons
 a - a +0 long sword (weapon)
 b - a +0 dagger of electrocution
Missiles
 g - 9 boomerangs (quivered)
 j - 11 stones
 y - 4 poisoned darts
Armour
 c - a +0 buckler (worn)
 h - a +0 cloak (worn)
 q - a +1 chain mail (worn)
Jewellery
 t - a ring of fire
 x - a ring of protection from cold
Wands
 u - a wand of paralysis (12)
Scrolls
 d - a scroll of teleportation {unknown}
 k - a scroll of enchant armour
 m - a scroll of vulnerability {unknown}
 n - a scroll of blinking
 o - a scroll of immolation {unknown}
 r - 2 scrolls of enchant weapon {unknown}
Potions
 e - 2 potions of mutation
 f - a potion of heal wounds {unknown}
 i - a potion of haste {unknown}
 l - a potion of flight {unknown}
 p - a potion of lignification {unknown}
 s - a potion of magic {unknown}
 v - a potion of degeneration {unknown}
 w - 2 potions of attraction


   Skills:
 * Level 6.0 Fighting
 * Level 7.9 Long Blades
 - Level 2.0 Throwing
 - Level 4.0 Armour
 + Level 3.9 Dodging
 - Level 4.0 Shields


You had 7 spell levels left.
You didn't know any spells.
Your spell library was empty.

Dungeon Overview and Level Annotations

Branches:
Dungeon (7/15) Zot: 2967   Temple (1/1) D:4 Zot: 567   Sewer (visited)

Altars:
Dithmenos
Elyvilon
Gozag
Hepliaklqana
Kikubaaqudgha
Makhleb
Nemelex Xobeh
Okawaru
Qazlal
Ru
Sif Muna
Trog
Wu Jian
Zin

Annotations:
D:4 2 transporters, jellojunkie's ghost, amateur GrEE
D:7 Menkaure


Innate Abilities, Weirdness & Mutations

You passively map a small area around you.
You are easily found by Zot.
You glow in the dark.
You regain HP and MP as you explore.


Message History

You barely miss the orc. The orc hits you with a +0 flail.
Okay, then.
You slash the orc!
You kill the orc!
Okawaru accepts your kill.
You hit the wight but do no damage.
Menkaure calls on the powers of darkness!
Your body is wracked with pain!
You hit the wight but do no damage.
Menkaure calls on the powers of darkness!
Your body is wracked with pain!
* * * LOW HITPOINT WARNING * * *
You barely miss the wight. The wight hits you but does no damage.
You hit the wight.
The wight is lightly damaged.
The wight closely misses you.
You hit the wight.
The wight is moderately damaged.
The wight hits you with a +3 falchion!
* * * LOW HITPOINT WARNING * * *
You feel drained.
You slash the wight!
The wight is almost destroyed.
Menkaure calls on the powers of darkness!
Your body is wracked with pain!
* * * LOW HITPOINT WARNING * * *
Something is bathed in an unholy light!
The wight hits you with a +3 falchion.
* * * LOW HITPOINT WARNING * * *
You feel drained.
* * * LOW HITPOINT WARNING * * *
You closely miss the wight.
The wight is almost destroyed.
The wight hits you but does no damage.
You hit the wight.
The wight is almost destroyed.
The wight barely misses you.
You barely miss the wight.
The wight is almost destroyed.
The wight hits you with a +3 falchion.
You die...

,* #.#..........†.# *
*,* *
#..#.........).# * *
##############<# , ,,
, < #.# * * * * * #.#
* , ** ,* #.# ,, , ,
#.# *
#.################.#,
#.Mzzz@............#
*
#{.#################
* * * * * ,* , * * *
** , * * * *


You could see Menkaure (fast) and 3 wights.

Vanquished Creatures
  Sigmund (D:2)
  A water moccasin (D:5)
  An ice beast (D:3)
  A black bear (D:5)
  A phantom (D:5)
  A bullfrog (D:7)
  A necrophage (D:4)
  2 hounds
  An orc priest (D:3)
  An iguana (D:3)
  2 orc wizards (D:7)
  A hell rat (Sewer)
  2 adders (D:4)
  A river rat (Sewer)
  5 worms
  12 orcs
  4 ball pythons
  4 bats
  An endoplasm (D:3)
  2 giant cockroaches
  2 goblins (D:4)
  3 hobgoblins (D:4)
  2 quokkas (D:3)
  A frilled lizard (D:3)
  2 kobolds
  6 rats
61 creatures vanquished.

Vanquished Creatures (others)
  A plant (D:4)
1 creature vanquished.

Grand Total: 62 creatures vanquished

Notes
Turn   | Place    | Note
-------+----------+-------------------------------------------
     0 | D:1      | tilp the Meteoran Fighter began the quest for the Orb.
     0 | D:1      | Reached XP level 1. HP: 19/19 MP: 2/2
    45 | D:2      | You fall into a shaft and drop 2 floors!
    68 | D:4      | Reached skill level 3 in Long Blades
    68 | D:4      | Reached skill level 1 in Dodging
    68 | D:4      | Reached XP level 2. HP: 26/26 MP: 3/3
    94 | D:4      | Noticed a necrophage
   104 | D:4      | Killed a necrophage
   105 | D:4      | Reached skill level 4 in Long Blades
   105 | D:4      | Reached XP level 3. HP: 6/33 MP: 4/4
   105 | D:4      | Reached XP level 4. HP: 7/40 MP: 5/5
   117 | D:4      | Found a staircase to the Ecumenical Temple.
   146 | D:4      | Reached XP level 5. HP: 42/46 MP: 6/6
   172 | D:4      | Found a transporter.
   191 | D:4      | Found a transporter.
   233 | D:4      | Found a glowing drain.
   281 | Sewer    | Entered a sewer
   311 | Sewer    | Reached skill level 5 in Long Blades
   396 | D:3      | Found a shimmering blue altar of Sif Muna.
   432 | D:4      | Noticed jellojunkie's ghost (amateur GrEE)
   464 | D:2      | Noticed Sigmund
   473 | D:2      | Killed Sigmund
   474 | D:2      | Reached skill level 6 in Long Blades
   474 | D:2      | Reached skill level 1 in Throwing
   474 | D:2      | Reached XP level 6. HP: 42/53 MP: 7/7
   474 | D:2      | Reached XP level 7. HP: 47/60 MP: 8/8
   602 | Temple   | Entered the Ecumenical Temple
   713 | D:3      | Found a burning altar of Makhleb.
   877 | D:3      | Found an iron altar of Okawaru.
   894 | D:3      | Became a worshipper of Warmaster Okawaru
  1005 | D:5      | Entered Level 5 of the Dungeon
  1055 | D:4      | Found an opulent altar of Gozag.
  1069 | D:4      | Reached skill level 5 in Fighting
  1069 | D:4      | Reached skill level 7 in Long Blades
  1143 | D:5      | Reached XP level 8. HP: 39/68 MP: 9/9
  1247 | D:7      | Reached * piety under Okawaru
  1276 | D:7      | Noticed Menkaure
  1291 | D:7      | HP: 2/68 [wight/+3 falchion (4)]
  1294 | D:7      | Slain by a wight

Illustrated notes

Levels and vault maps discovered:
D:1:      minmay_arrival_diagonal_passages, layout_loops_corners,
          dreamdust_princess_corridor, roderic_serpentine_path
D:2:      layout_rooms, minmay_heptomino_d4, uniq_sigmund, uniq_natasha,
          uniq_robin
D:3:      minmay_roachtagon, layout_loops_ring, okawaru_ov_weapons_minmay,
          lightli_temple_of_fire, lemuel_blue_sif_altar,
          mainiacjoe_overflow_alcove_4, mainiacjoe_overflow_catwalk,
          chequers_arboretum, hangedman_feature_mirror,
          small_statue_intersection, uniq_terence
D:4:      layout_loops_ring, nicolae_gozag_seed_capital,
          minmay_temple_entry_gardened_gates, gammafunk_ghost_abyssal_escape,
          cheibrodos_sewer_entry_sluice
D:5:      layout_rooms, roderic_batcave
D:6:      layout_basic, mainiacjoe_overflow_brackets
D:7:      layout_basic, nicolae_vehumet_altar_sigil, uniq_menkaure,
          uniq_crazy_yiuf_cottage
Temple:   eino_temple_lava

Skill      XL: |  1  2  3  4  5  6  7  8 |
---------------+-------------------------+-----
Long Blades    | 3 4 6 7 |  7.9
Dodging        | 1 2 3 |  3.9
Fighting       | 4 5 6 |  6.0
Throwing       | 1 2 |  2.0
Shields        | 4 |  4.0
Armour         | 4 |  4.0

Action                     |  1- 3 |  4- 6 |  7- 9 || total
---------------------------+-------+-------+-------++-------
  Melee: Long sword        |    47 |    81 |   163 ||   291
  Throw: Boomerang         |       |     1 |       ||     1
    Use: Scroll            |     1 |       |     4 ||     5
         Potion            |     1 |     1 |       ||     2
 Armour: Scale mail        |    24 |    10 |       ||    34
         Chain mail        |       |     2 |    85 ||    87
  Dodge: Dodged            |    13 |    25 |    43 ||    81
  Block: Buckler           |    10 |    14 |    48 ||    72

Table legend: (Time is in decaauts)
 A = Elapsed time spent in this place.
 B = Non-inter-level travel time spent in this place.
 C = Inter-level travel time spent in this place.
 D = Time resting spent in this place.
 E = Time spent auto-exploring this place.
 F = Levels seen in this place.
 G = Mean time per level.
                   A        B        C        D        E       F      G
               +--------+--------+--------+--------+--------+-----+--------+
         Total |   1355 |   1108 |    247 |      0 |      0 |   9 |  150.6 |
       Dungeon |   1231 |    984 |    247 |      0 |      0 |   7 |  175.9 |
        Temple |     32 |     32 |      0 |      0 |      0 |   1 |   32.0 |
         Sewer |     91 |     91 |      0 |      0 |      0 |   1 |   91.0 |
               +--------+--------+--------+--------+--------+-----+--------+

Top non-repeatable levels by time:
     D:4: 489 daAuts
     D:3: 364 daAuts
     D:5: 139 daAuts
   Sewer: 91 daAuts
     D:2: 77 daAuts
     D:7: 75 daAuts
     D:1: 49 daAuts
     D:6: 37 daAuts
  Temple: 32 daAuts
